 Dungeon Crawl Stone Soup version 0.18.1-48-g4cf74bf (webtiles) character file.

1402 PossumBlood the Fighter (level 8, -5/120 HPs)
             Began as a Minotaur Fighter on Aug 19, 2016.
             Was a Follower of Okawaru.
             Slain by a yak (6 damage)
             ... on level 5 of the Dungeon.
             The game lasted 00:08:01 (3641 turns).

PossumBlood the Fighter (Minotaur Fighter)          Turns: 3641, Time: 00:08:01

Health: -5/120     AC: 24    Str: 22    XL:     8   Next: 42%
Magic:  7/7        EV:  2    Int:  5    God:    Okawaru [*.....]
Gold:   216        SH: 13    Dex: 16    Spells: 0 memorised, 7 levels left

rFire  + . .     SeeInvis .     D - +7 captain's cutlass {speed, disarm}
rCold  + . .     Gourm    .     (armour currently unavailable)
rNeg   + + +     Faith    .     c - +0 shield
rPois  +         Spirit   .     (helmet currently unavailable)
rElec  +         Dismiss  .     (cloak currently unavailable)
rCorr  +         Reflect  +     (gloves currently unavailable)
SustAt .         Harm     .     (boots currently unavailable)
MR     .....     NoTele   +     m - +3 amulet of reflection
Stlth  ++........               s - ring of resist corrosion
                                t - ring of flight

@: agile, tree-form, resistant, not resistant to hostile enchantments,
unstealthy
A: (retaliatory headbutt), (horns 0)
a: Heroism, Renounce Religion


You were on level 5 of the Dungeon.
You worshipped Okawaru.
Okawaru was aware of your devotion.
You were not hungry.
You were a tree.
You visited 2 branches of the dungeon, and saw 6 of its levels.

You collected 216 gold pieces.

Inventory:

Hand Weapons
 a - a +0 war axe
 D - the +7 captain's cutlass (weapon) {speed, disarm}
   (You found it on level 4 of the Dungeon)

   Attacks with this weapon are significantly faster.
Missiles
 p - 3 javelins (quivered)
Armour
 b - a +0 scale mail (melded)
 c - a +0 shield (worn)
Jewellery
 m - a +3 amulet of reflection (around neck)
 n - an uncursed ring of loudness
 s - a ring of resist corrosion (right branch)
 t - a ring of flight (left branch)
 y - an uncursed ring of wizardry
Wands
 w - a wand of digging (9/24)
Scrolls
 g - 2 scrolls of teleportation {unknown}
 j - 7 scrolls of identify {unknown}
 l - a scroll of enchant armour {unknown}
 u - a scroll of recharging {unknown}
 v - 3 scrolls of remove curse
 B - a scroll of enchant weapon {unknown}
Potions
 e - a potion of mutation {unknown}
 h - a potion of curing {unknown}
 i - a potion of degeneration {unknown}
 k - a potion of agility
 q - a potion of cure mutation {unknown}
Books
 d - a book of Envenomations

   Spells                             Type                      Level
   a - Spider Form                    Transmutation/Poison         3
   b - Olgreb's Toxic Radiance        Poison                       4
   c - Alistair's Intoxication        Transmutation/Poison         5
   d - Poisonous Cloud                Conjuration/Poison/Air       6
Comestibles
 f - 2 bread rations
 x - a meat ration
 A - a beef jerky
 C - 3 fruits
 E - a royal jelly


   Skills:
 * Level 10.4 Fighting
 + Level 2.5 Short Blades
 - Level 2.4 Axes
 + Level 7.8 Armour
 - Level 3.6 Shields


You had 7 spell levels left.
You didn't know any spells.

Dungeon Overview and Level Annotations

Branches:
Dungeon (5/15)             Temple (1/1) D:4

Altars:
Ashenzari
Cheibriados
Dithmenos
Fedhas
Kikubaaqudgha
Nemelex Xobeh
Okawaru
Pakellas
Qazlal
Sif Muna
Trog
Xom
Yredelemnul
Zin


Innate Abilities, Weirdness & Mutations

((You reflexively headbutt those who attack you in melee.))
((You have a pair of horns on your head.))


Message History

You kill the jelly!
Okawaru accepts your kill.
The giant cockroach bites you but does no damage.
The yak gores you but does no damage.
The giant cockroach bites you but does no damage.
You slash the giant cockroach!
You kill the giant cockroach!
Okawaru accepts your kill. You block the yak's attack.
The yak gores you but does no damage.
You barely miss the yak.
The yak is moderately wounded.
You block the yak's attack. The yak gores you!
* * * LOW HITPOINT WARNING * * *
The yak gores you!
* * * LOW HITPOINT WARNING * * *
Drink which item? (? for menu, Esc to quit)
It was a potion of resistance.
You feel protected. The yak barely misses you. The yak gores you.
You die...

#...... ....... .......
####. ....... ####...
....... ####....###
......Y####.........#####
..../..#♣Y...............
.......YY..............?.
...............).....<...
.................†(.(....
###...............((.....
##................(....
#.....................
#..##.................
#.. #.................


You could see 3 yaks.

Vanquished Creatures
  The ghost of Dickchan the Grappler, a novice NaBe of Trog (D:4)
  2 yaks (D:5)
  A centaur (D:5)
  2 ogres (D:4)
  The ghost of PossumBlood the Skirmisher, a weakling MiFi (D:3)
  A scorpion (D:4)
  3 hounds
  A jelly (D:5)
  2 orc wizards
  4 centaur skeletons
  A worker ant (D:4)
  A worker ant zombie (D:4)
  3 adders
  An ooze (D:3)
  A worm (D:2)
  2 dart slugs
  6 giant geckos
  10 orcs
  2 ball pythons (D:3)
  6 giant cockroaches
  4 goblins
  7 hobgoblins
  9 jackals
  A quokka (D:3)
  9 bats
  2 giant newts
  A jackal skeleton (D:4)
  3 kobolds
  7 rats
94 creatures vanquished.

Vanquished Creatures (others)
  A jackal (D:5)
1 creature vanquished.

Grand Total: 95 creatures vanquished

Notes
Turn   | Place    | Note
--------------------------------------------------------------
     0 | D:1      | PossumBlood the Minotaur Fighter began the quest for the Orb.
     0 | D:1      | Reached XP level 1. HP: 19/19 MP: 0/0
   114 | D:1      | Reached skill level 4 in Fighting
   123 | D:1      | Reached XP level 2. HP: 22/27 MP: 1/1
   626 | D:2      | Reached XP level 3. HP: 34/34 MP: 2/2
   759 | D:2      | Found a deep blue altar of Sif Muna.
   821 | D:2      | Found a bloodstained altar of Trog.
   933 | D:2      | Found a faded altar to an unknown god.
  1144 | D:2      | Found a stormy altar of Qazlal.
  1147 | D:2      | Found a blossoming altar of Fedhas.
  1247 | D:3      | Noticed PossumBlood's ghost (weakling MiFi)
  1249 | D:3      | Reached skill level 5 in Fighting
  1253 | D:3      | Reached XP level 4. HP: 38/42 MP: 3/3
  1257 | D:3      | Killed PossumBlood's ghost
  1258 | D:3      | Reached skill level 5 in Armour
  1375 | D:3      | Reached XP level 5. HP: 46/50 MP: 4/4
  1378 | D:3      | Reached skill level 6 in Fighting
  1879 | D:4      | Noticed an ogre
  1885 | D:4      | Killed an ogre
  1885 | D:4      | Reached XP level 6. HP: 8/58 MP: 5/5
  1887 | D:4      | Reached skill level 7 in Fighting
  1983 | D:4      | Noticed Dickchan's ghost (novice NaBe)
  2153 | D:4      | Killed Dickchan's ghost
  2153 | D:4      | Reached skill level 8 in Fighting
  2153 | D:4      | Reached XP level 7. HP: 55/69 MP: 6/6
  2216 | D:4      | Found a staircase to the Ecumenical Temple.
  2225 | Temple   | Entered the Ecumenical Temple
  2265 | Temple   | Became a worshipper of Warmaster Okawaru
  2726 | D:4      | Found a shadowy altar of Dithmenos.
  2728 | D:4      | Found a sparkling altar of Nemelex Xobeh.
  2755 | D:4      | Reached skill level 9 in Fighting
  3407 | D:5      | Entered Level 5 of the Dungeon
  3413 | D:5      | Reached * piety under Okawaru
  3419 | D:5      | Reached skill level 1 in Short Blades
  3419 | D:5      | Reached XP level 8. HP: 40/79 MP: 7/7
  3629 | D:5      | Reached skill level 10 in Fighting
  3640 | D:5      | HP: 1/120 [yak (8)]
  3641 | D:5      | Slain by a yak

Skill      XL: |  1  2  3  4  5  6  7  8 |
---------------+-------------------------+-----
Fighting       | 4 5 6 8 9 10 | 10.4
Armour         | 4 5 6 7 |  7.8
Short Blades   | 1 2 |  2.5
Axes           | |  2.4
Shields        | |  3.6

Action                   |  1- 3 |  4- 6 |  7- 9 || total
-------------------------+-------+-------+-------++-------
Melee: War axe           |    73 |    74 |    58 ||   205
       Headbutt          |    12 |     9 |    13 ||    34
       Cutlass           |       |       |    48 ||    48
  Use: Scroll            |     4 |       |       ||     4
       Potion            |     1 |     1 |     4 ||     6
  Eat: Bread ration      |     1 |       |     1 ||     2
Armor: Scale mail        |    35 |    40 |    27 ||   102
       Skin              |       |       |    33 ||    33
Dodge: Dodged            |    31 |    28 |    29 ||    88
Block: Shield            |    39 |    68 |    96 ||   203
       Reflection        |     1 |       |     2 ||     3
